 Dungeon Crawl Stone Soup version 0.17.1-3-g152610e (webtiles) character file.

10323 Jerry the Protected (level 11, 0/97 HPs)
             Began as a Deep Dwarf Fighter on Mar 31, 2016.
             Was an Elder of Okawaru.
             Slain by Snorg (16 damage)
             ... on level 10 of the Dungeon.
             The game lasted 00:57:35 (6976 turns).

Jerry the Protected (Deep Dwarf Fighter)            Turns: 6976, Time: 00:57:36

Health: 0/97       AC: 18    Str: 28    XL:     11   Next: 34%
Magic:  14/14      EV: 30    Int:  9    God:    Okawaru [****..]
Gold:   46         SH: 15    Dex: 17    Spells: 0 memorised, 10 levels left

rFire  + . .     SeeInvis +     a - +1 war axe (elec)
rCold  . . .     Clarity  +     t - +0 ring mail of Untruth {rPois rF+} (curse)
rNeg   . . .     SustAt   .     c - +0 shield
rPois  +         Gourm    .     n - +0 helmet
rElec  .         Spirit   .     k - +2 cloak
rCorr  .         Warding  .     l - +0 pair of gloves
rMut   .         Stasis   .     B - +1 pair of boots
MR     +....                    D - amulet of clarity
Stlth  +++.......               b - +3 ring of evasion
                                r - ring of see invisible

@: mighty, agile, heroism, non-regenerating, somewhat resistant to hostile
enchantments, fairly stealthy
A: damage resistance, recharge devices, sense surroundings 2, slow regeneration
3
a: Device Recharging, Heroism, Renounce Religion


You were on level 10 of the Dungeon.
You worshipped Okawaru.
Okawaru was greatly pleased with you.
You were not hungry.

You visited 2 branches of the dungeon, and saw 11 of its levels.
You also visited: Sewer.

You collected 314 gold pieces.
You spent 268 gold pieces at shops.

Inventory:

Hand Weapons
 a - a +1 war axe of electrocution (weapon)
 d - a +5 executioner's axe of holy wrath
Armour
 c - a +0 shield (worn)
 g - a +2 robe of cold resistance
 k - a +2 cloak (worn)
 l - a +0 pair of gloves (worn)
 n - a +0 helmet (worn)
 t - the cursed +0 ring mail of Untruth (worn) {rPois rF+}
   (You bought it in a shop on level 7 of the Dungeon)

   It protects you from fire.
   It protects you from poison.
   It has a curse placed upon it.
 B - a +1 pair of boots (worn)
 R - a +4 scale mail
Jewellery
 b - a +3 ring of evasion (right hand)
 j - an uncursed ring of magical power
 m - an uncursed amulet of resist mutation
 r - a ring of see invisible (left hand)
 s - an uncursed ring of ice
 D - an amulet of clarity (around neck)
 M - an uncursed ring of wizardry
Wands
 e - a wand of heal wounds (1)
 v - a wand of polymorph (19)
 w - a wand of random effects (33)
 E - a wand of magic darts (17)
 G - a wand of lightning (8)
 K - a wand of polymorph (8)
 N - a wand of lightning (2)
Scrolls
 i - 7 scrolls of identify
 y - a scroll of enchant armour
 C - 3 scrolls of fear
 H - a scroll of fog
 L - a scroll of remove curse
 P - a scroll of blinking {unknown}
Potions
 h - a potion of agility
 q - 5 potions of curing
 z - 2 potions of brilliance
 J - 2 potions of degeneration {unknown}
 O - a potion of berserk rage {unknown}
Books
 F - a book of the Earth

   Spells                             Type                      Level
   a - Leda's Liquefaction            Hexes/Earth                  4
   b - Bolt of Magma                  Conjuration/Fire/Earth       5
   c - Statue Form                    Transmutation/Earth          6
   d - Iron Shot                      Conjuration/Earth            6
   e - Shatter                        Earth                        9
 S - a book of Beasts

   Spells                             Type                      Level
   a - Summon Butterflies             Summoning                    1
   b - Call Canine Familiar           Summoning                    3
   c - Summon Ice Beast               Ice/Summoning                4
   d - Summon Mana Viper              Hexes/Summoning              5
   e - Summon Hydra                   Summoning                    7
Miscellaneous
 p - a plain deck of summoning
Comestibles
 f - 11 bread rations
 o - a royal jelly
 x - 7 fruits
 A - a beef jerky
 I - a meat ration
 Q - 6 chunks of flesh


   Skills:
 - Level 6.1(11.1) Fighting
 + Level 7.5(12.5) Axes
 + Level 10.2(15.2) Armour
 + Level 9.3(14.3) Dodging
 + Level 9.8(14.8) Shields
 + Level 6.3 Invocations


You had 10 spell levels left.
You didn't know any spells.

Dungeon Overview and Level Annotations

Branches:
Dungeon (10/15)            Temple (1/1) D:6            Lair (0/8) D:9
    Orc: D:9-12

Altars:
Cheibriados
Dithmenos
Elyvilon
Fedhas
Gozag
Kikubaaqudgha
Makhleb
Nemelex Xobeh
Okawaru
Qazlal
Sif Muna
Trog
Vehumet
Xom
Yredelemnul
Zin
The Shining One

Shops:
D:4 (   D:7 [   D:9 *

Annotations:
D:10 Snorg


Innate Abilities, Weirdness & Mutations

You are resistant to damage.
You can recharge devices by infusing magical energy.
You passively map the area around you.
You do not regenerate naturally.


Message History

Snorg is moderately wounded.
Snorg barely misses you. Snorg completely misses you.
Snorg claws you but does no damage.
You slash Snorg!
There is a sudden explosion of sparks!
Snorg is heavily wounded.
Snorg completely misses you. Snorg claws you!
* * * LOW HITPOINT WARNING * * *
You block Snorg's attack. x2
Snorg completely misses you. Snorg barely misses you.
You slash Snorg!
Snorg is severely wounded.
You block Snorg's attack. Snorg claws you but does no damage.
You block Snorg's attack.
You closely miss Snorg.
Snorg is severely wounded.
Snorg misses you. You block Snorg's attack. Snorg completely misses you.
You slash Snorg!
Snorg is severely wounded.
Snorg bites you!!
You die...

, , , + ,
,..... * * * ,
, , ,.... *,*
* * #... * ,,
*... *, , , *
,..### * , , ,
..., * *+ * **
, *###T###*
,,*
...##..@..# *,
, ,
..........# +
, ,
.(.####'#### ,
.,,#.......# *
, ,, ,
#..##...# *,,
, , #.......#
,
#.......#####
* *
#.......#..(#
,, * *
.......#.#...#
,+ ,,


You could see Snorg (berserk).

Vanquished Creatures
  The ghost of riffraff the Cleaver, a journeyman DsBe of Trog (D:10)
  Erica (D:9)
  The ghost of SaintRoka the Unweaver, a novice DDAK of Lugonu (D:8)
  A hill giant (D:10)
  A salamander (shapeshifter) (D:10)
  Maurice (D:9)
  The ghost of SaintRoka the Ruffian, an amateur CeTm (D:5)
  Prince Ribbit (D:9)
  2 two-headed ogres (D:9)
  A spriggan (D:7)
  A wraith (D:10)
  10 yaks
  The ghost of smzp the Poker, an amateur NaGl (D:3)
  A hungry ghost (D:7)
  A deep elf mage (D:9)
  A deep elf fighter (D:9)
  3 ice beasts
  A sky beast (D:6)
  2 black bears
  A crocodile (D:9)
  An eye of draining (D:10)
  4 phantoms
  2 centaurs
  An ogre (D:4)
  5 big kobolds
  A gnoll sergeant (D:5)
  3 giant frogs
  2 scorpions
  5 killer bees (D:10)
  9 wights
  A giant frog zombie (D:9)
  4 hounds
  9 orc priests
  A centaur skeleton (D:8)
  4 crimson imps
  A jelly (D:8)
  7 orc wizards
  4 giant frog skeletons
  A quasit (D:10)
  2 iguanas
  6 worker ants
  A hound skeleton (D:6)
  10 adders
  3 gnolls
  3 river rats
  A shadow imp (D:10)
  An ooze (D:1)
  2 worms
  2 adder skeletons
  8 giant geckos
  25 orcs
  7 ball pythons
  15 bats
  4 giant cockroaches
  5 goblins
  3 hobgoblins
  14 jackals
  2 quokkas
  A giant gecko skeleton (D:5)
  4 giant newts
  27 kobolds
  41 rats
  2 fungi (D:9)
  3 plants (D:9)
290 creatures vanquished.

Vanquished Creatures (others)
  A human (D:8)
  2 orcs (D:9)
3 creatures vanquished.

Grand Total: 293 creatures vanquished

Notes
Turn   | Place    | Note
--------------------------------------------------------------
     0 | D:1      | Jerry the Deep Dwarf Fighter began the quest for the Orb.
     0 | D:1      | Reached XP level 1. HP: 20/20 MP: 1/1
   398 | D:1      | Reached XP level 2. HP: 25/27 MP: 2/2
   922 | D:2      | Reached XP level 3. HP: 25/34 MP: 3/3
   923 | D:2      | Reached skill level 1 in Dodging
  1292 | D:3      | Noticed smzp's ghost (amateur NaGl)
  1308 | D:3      | Killed smzp's ghost
  1308 | D:3      | Reached skill level 4 in Armour
  1308 | D:3      | Reached XP level 4. HP: 13/43 MP: 4/4
  1308 | D:3      | Reached XP level 5. HP: 14/49 MP: 5/5
  1616 | D:4      | Noticed an ogre
  1624 | D:4      | Killed an ogre
  1624 | D:4      | Reached XP level 6. HP: 51/57 MP: 6/6
  1774 | D:4      | Found a snail-covered altar of Cheibriados.
  1802 | D:4      | Noticed a phantom
  1804 | D:4      | Found Orowoh's Antique Weapon Boutique.
  1822 | D:4      | Killed a phantom
  1822 | D:4      | Reached skill level 5 in Armour
  2113 | D:4      | Noticed an ice beast
  2127 | D:4      | Killed an ice beast
  2127 | D:4      | Reached skill level 5 in Shields
  2127 | D:4      | Reached XP level 7. HP: 43/66 MP: 7/7
  2168 | D:5      | Entered Level 5 of the Dungeon
  2247 | D:5      | Noticed SaintRoka's ghost (amateur CeTm)
  2355 | D:5      | Killed SaintRoka's ghost
  2355 | D:5      | Reached skill level 5 in Fighting
  2355 | D:5      | Reached skill level 6 in Armour
  2388 | D:5      | Reached XP level 8. HP: 37/74 MP: 8/8
  2517 | D:5      | Found a glowing drain.
  2526 | Sewer    | Entered a sewer
  2583 | Sewer    | Reached skill level 5 in Dodging
  3238 | D:5      | Found a blossoming altar of Fedhas.
  3670 | D:5      | HP: 2/76 [gnoll sergeant/spear (9)]
  3780 | D:6      | Reached skill level 7 in Armour
  3834 | D:6      | Found a staircase to the Ecumenical Temple.
  3879 | D:6      | Gained mutation: Armour fits poorly on your strangely shaped body. [mutagenic meat]
  3880 | D:6      | Gained mutation: Your flesh is cold resistant. [mutagenic meat]
  3881 | D:6      | Gained mutation: You can translocate small distances at will. [mutagenic meat]
  3883 | D:6      | Lost mutation: Your flesh is cold resistant. [potion of cure mutation]
  3883 | D:6      | Lost mutation: Armour fits poorly on your strangely shaped body. [potion of cure mutation]
  3883 | D:6      | Lost mutation: You can translocate small distances at will. [potion of cure mutation]
  3985 | D:6      | Found a deep blue altar of Sif Muna.
  4011 | D:6      | Gained mutation: You passively map the area around you. [Deep Dwarf growth]
  4011 | D:6      | Reached XP level 9. HP: 71/82 MP: 9/9
  4172 | D:7      | Found a glowing golden altar of the Shining One.
  4315 | D:7      | Found a radiant altar of Vehumet.
  4324 | D:7      | Found Laodenen's Armour Emporium.
  4337 | Temple   | Entered the Ecumenical Temple
  4393 | Temple   | Became a worshipper of Warmaster Okawaru
  4627 | D:7      | Reached skill level 8 in Armour
  4803 | D:8      | Noticed SaintRoka's ghost (novice DDAK)
  4877 | D:8      | Killed SaintRoka's ghost
  4877 | D:8      | Reached * piety under Okawaru
  4877 | D:8      | Reached skill level 5 in Axes
  4977 | D:8      | Found an ancient bone altar of Kikubaaqudgha.
  5235 | D:8      | Reached XP level 10. HP: 61/91 MP: 10/10
  5388 | D:8      | Found a glowing golden altar of the Shining One.
  5499 | D:8      | Identified a scroll of acquirement
  5605 | D:9      | Reached skill level 1 in Invocations
  5686 | D:9      | Found a sparkling altar of Nemelex Xobeh.
  5691 | D:9      | Reached ** piety under Okawaru
  5765 | D:9      | Reached skill level 9 in Armour
  5770 | D:9      | Found a shimmering altar of Xom.
  5830 | D:9      | Noticed Maurice
  5839 | D:9      | Killed Maurice
  5874 | D:9      | Noticed Erica
  5892 | D:9      | Killed Erica
  5892 | D:9      | Reached *** piety under Okawaru
  5918 | D:9      | Noticed Prince Ribbit
  5963 | D:9      | Found a basalt altar of Yredelemnul.
  5966 | D:9      | Found a shadowy altar of Dithmenos.
  5969 | D:9      | Found a bloodstained altar of Trog.
  5972 | D:9      | Found an opulent altar of Gozag.
  6006 | D:9      | HP: 3/91 [centaur/arrow of frost (4)]
  6115 | D:9      | Found Ehauph's General Store.
  6124 | D:9      | Killed Prince Ribbit
  6188 | D:7      | Bought the cursed +0 ring mail of Untruth {rPois rF+} for 268 gold pieces
  6322 | D:9      | Found a staircase to the Lair.
  6520 | D:10     | Entered Level 10 of the Dungeon
  6570 | D:10     | Reached skill level 5 in Invocations
  6710 | D:10     | Reached **** piety under Okawaru
  6715 | D:10     | Reached XP level 11. HP: 42/97 MP: 12/14
  6859 | D:10     | Noticed a hill giant
  6870 | D:10     | Killed a hill giant
  6870 | D:10     | Reached skill level 10 in Armour
  6933 | D:10     | Noticed riffraff's ghost (journeyman DsBe)
  6940 | D:10     | Noticed Snorg
  6956 | D:10     | Killed riffraff's ghost
  6976 | D:10     | Slain by Snorg

Action                   |  1- 3 |  4- 6 |  7- 9 | 10-12 || total
-------------------------+-------+-------+-------+-------++-------
Melee: War axe           |   102 |       |   206 |   189 ||   497
       Rapier            |    42 |   129 |   525 |       ||   696
       Executioner's axe |       |       |       |    62 ||    62
Invok: Heroism           |       |       |       |    12 ||    12
 Abil: Device Recharging |       |       |       |     1 ||     1
Evoke: Wand              |       |     1 |    18 |     5 ||    24
  Use: Potion            |     1 |       |    11 |     4 ||    16
       Scroll            |       |       |    20 |     5 ||    25
 Stab: Sleeping          |       |       |     1 |       ||     1
  Eat: Chunk             |     1 |     3 |    14 |     7 ||    25
       Bread ration      |       |       |     1 |       ||     1
